 Dungeon Crawl Stone Soup version 0.25-a0-707-g603da076d2 (webtiles) character file.

Game seed: 3628713760945509054, levelgen mode: classic

46447 EnegeticOcto the Champion of Chaos (level 14, 0/136 HPs)
             Began as a Deep Dwarf Fighter on Apr 4, 2020.
             Was the Champion of Makhleb.
             Slain by a 15-headed hydra (4 damage)
             ... on level 4 of the Lair of Beasts.
             The game lasted 00:09:53 (10768 turns).

EnegeticOcto the Champion of Chaos (DDFi)          Turns: 10768, Time: 00:09:54

Health: 0/136      AC: 23    Str: 25    XL:     14   Next: 4%
Magic:  8/8        EV:  6    Int:  9    God:    Makhleb [******]
Gold:   915        SH: 14    Dex: 15    Spells: 13/13 levels left

rFire    . . .     SeeInvis +   o - +0 hand axe (elec)
rCold    . . .     Gourm    .   c - +1 kite shield
rNeg     + . .     Faith    .   s - +0 plate armour
rPois    .         Spirit   .   B - +0 helmet
rElec    .         Reflect  .   t - +0 cloak
rCorr    .         Harm     .   C - +0 pair of fencer's gloves {Riposte Dex+3}
MR       ++...                  (no boots)
Stlth    ..........             (no amulet)
HPRegen  0.00/turn              v - +2 ring of protection
MPRegen  0.11/turn              r - ring of see invisible

@: non-regenerating
A: damage resistance, heal wounds, iridescent scales 1, negative energy
resistance 1, sense surroundings 2, no regeneration
a: Heal Wounds, Minor Destruction, Lesser Servant of Makhleb, Major Destruction,
Greater Servant of Makhleb, Renounce Religion


You were on level 4 of the Lair of Beasts.
You worshipped Makhleb.
Makhleb was exalted by your worship.
You were not hungry.

You visited 3 branches of the dungeon, and saw 19 of its levels.
You also visited: Ossuary.

You collected 915 gold pieces.

Inventory:

Hand Weapons
 b - a +2 war axe of venom
 o - a +0 hand axe of electrocution (weapon)
Missiles
 i - 3 throwing nets (quivered)
Armour
 c - a +1 kite shield (worn)
 s - a +0 plate armour (worn)
 t - a +0 cloak (worn)
 B - a +0 helmet (worn)
 C - the +0 pair of fencer's gloves (worn) {Riposte Dex+3}
   (You acquired it on level 10 of the Dungeon)

   It affects your dexterity (+3).
Jewellery
 d - an uncursed ring of protection from magic
 r - a ring of see invisible (right hand)
 v - a +2 ring of protection (left hand)
Wands
 m - a wand of flame (12) {@v3}
 x - a wand of acid (4) {@v1}
 y - a wand of digging (15) {@v2}
 A - a wand of paralysis (5)
 E - a wand of clouds (7)
 I - a wand of iceblast (20)
Scrolls
 f - 7 scrolls of enchant armour
 h - 9 scrolls of teleportation {@r2}
 p - 3 scrolls of identify {@r1}
 w - 2 scrolls of fear
 D - a scroll of fog
 F - a scroll of blinking {@r3}
 G - 2 scrolls of enchant weapon
 H - 2 scrolls of magic mapping {@r5}
 J - a scroll of immolation {@r4}
 K - 2 scrolls of remove curse {@r6}
Potions
 g - 2 potions of berserk rage
 j - 9 potions of curing {@q1}
 k - a potion of might {@q3}
 l - 2 potions of ambrosia
 n - 5 potions of haste {@q4}
 q - 4 potions of heal wounds {@q2}
 u - a potion of lignification {@q7}
 z - a potion of invisibility
Comestibles
 a - 7 chunks of flesh
 e - 20 rations


   Skills:
 * Level 11.8 Fighting
 * Level 13.5 Axes
 + Level 10.2 Armour
 + Level 10.2 Shields
 * Level 15.0 Invocations


You had 13 spell levels left.
You didn't know any spells.
Your spell library was empty.

Dungeon Overview and Level Annotations

Branches:
Dungeon (15/15)            Temple (1/1) D:4            Lair (2/6) D:11
    Orc (0/2) D:10         Vaults (0/5) D:14         Depths (0/5) D:15
Ossuary (visited)
  Swamp: Lair:2-4    Shoals: Lair:2-4     Snake: Lair:2-4    Spider: Lair:2-4

Altars:
Ashenzari
Cheibriados
Dithmenos
Elyvilon
Fedhas
Gozag
Hepliaklqana
Kikubaaqudgha
Makhleb
Nemelex Xobeh
Okawaru
Qazlal
Ru
Sif Muna
Trog
Uskayaw
Wu Jian

Annotations:
Lair:1 3 runed translucent doors, Karim's ghost, journeyman GnTm
Lair:2 exclusion: 4 oklob plants


Innate Abilities, Weirdness & Mutations

You are resistant to damage.
You can heal yourself by infusing magical energy.
You resist negative energy. (rN+)
You passively map the area around you.
You do not regenerate.
You are partially covered in iridescent scales. (AC +2)


Message History

You completely miss the 13-headed hydra.
The 13-headed hydra is lightly wounded.
You hit the plant but do no damage. You slash the plant!
The 13-headed hydra bites you but does no damage.
The 13-headed hydra bites you! You block the 13-headed hydra's attack.
The 13-headed hydra bites you!
The 13-headed hydra bites you but does no damage.
You block the 13-headed hydra's attack. The 13-headed hydra bites you.
You block the 13-headed hydra's attack. x2
The 13-headed hydra bites you but does no damage. x3
You block the 13-headed hydra's attack.
You are too injured to fight recklessly!
You are too injured to fight recklessly!
You are too injured to fight recklessly!
A demon appears!
The 13-headed hydra barely misses you. You block the 13-headed hydra's attack.
The 13-headed hydra bites you but does no damage.
The 13-headed hydra bites you.
The 13-headed hydra bites you but does no damage.
You block the 13-headed hydra's attack. x2; The 13-headed hydra bites you!
The 13-headed hydra bites you but does no damage. x2
You block the 13-headed hydra's attack. x2
The 13-headed hydra bites you but does no damage.
Your orange demon stings the 13-headed hydra from afar!
There is an open door here.
A demon appears!
You block the 13-headed hydra's attack. x3
The 13-headed hydra barely misses you.
The 13-headed hydra bites you but does no damage. x2
The 13-headed hydra bites you!
* * * LOW HITPOINT WARNING * * *
The 13-headed hydra bites you.
* * * LOW HITPOINT WARNING * * *
The 13-headed hydra bites you.
* * * LOW HITPOINT WARNING * * *
The 13-headed hydra bites you but does no damage.
The 13-headed hydra bites you.
* * * LOW HITPOINT WARNING * * *
The 13-headed hydra bites you!
* * * LOW HITPOINT WARNING * * *
The 13-headed hydra bites you but does no damage.
Your orange demon stings the 13-headed hydra from afar!
A demon appears!
The 13-headed hydra bites you.
* * * LOW HITPOINT WARNING * * *
You block the 13-headed hydra's attack. x2
The 13-headed hydra bites you but does no damage.
The 13-headed hydra barely misses you.
The 13-headed hydra bites you but does no damage.
You block the 13-headed hydra's attack.
The 13-headed hydra bites you but does no damage. x3
The 13-headed hydra bites you!
* * * LOW HITPOINT WARNING * * *
The 13-headed hydra bites you but does no damage. x2
Your orange demon stings the 13-headed hydra from afar.
You swap places.
The 13-headed hydra closely misses your hellwing.
The 13-headed hydra bites your hellwing!
The 13-headed hydra bites your hellwing.
The 13-headed hydra closely misses your hellwing.
The 13-headed hydra bites your hellwing but does no damage.
The 13-headed hydra bites your hellwing.
The 13-headed hydra barely misses your hellwing.
The 13-headed hydra bites your hellwing!
The 13-headed hydra bites your hellwing but does no damage.
The 13-headed hydra bites your hellwing. x2
The 13-headed hydra bites your hellwing but does no damage.
The 13-headed hydra bites your hellwing!
Your hellwing dies!
Your orange demon stings the 13-headed hydra from afar!
The 13-headed hydra looks as sick as possible!
Your orange demon poisons the 13-headed hydra!
Your hellwing hits the 13-headed hydra! Your hellwing hits the 13-headed hydra.
The 13-headed hydra bites your hellwing.
The 13-headed hydra bites your hellwing but does no damage. x2
The 13-headed hydra bites your hellwing. x2
The 13-headed hydra bites your hellwing but does no damage. x2
The 13-headed hydra bites your hellwing.
The 13-headed hydra bites your hellwing!
The 13-headed hydra bites your hellwing.
The 13-headed hydra bites your hellwing!
Your hellwing dies!
You block the 13-headed hydra's attack. x2
Your orange demon stings the 13-headed hydra from afar!
There is an open door, spattered with blood here.
You slice one of the 13-headed hydra's heads off!
The 12-headed hydra grows two more!
You slash the 14-headed hydra!
The 14-headed hydra is almost dead.
You hit the plant but do no damage. Lightning courses through the plant!
You destroy the plant!
You hit the plant.
You chop one of the 14-headed hydra's heads off!
The 13-headed hydra grows two more!
You hit the 15-headed hydra.
The 15-headed hydra is almost dead.
You hit the plant but do no damage.
The 15-headed hydra bites you but does no damage.
You block the 15-headed hydra's attack. The 15-headed hydra bites you. x2
* * * LOW HITPOINT WARNING * * *
The 15-headed hydra barely misses you.
You block the 15-headed hydra's attack. x2
The 15-headed hydra bites you but does no damage. x7
The 15-headed hydra bites you.
You die...

** ,, ##*###### #########
, ** #..#.#..# #.......#
,, , #.......#
#######......## ,
*........###.##P##......#P
,
,.......D@.(.....#........
, ,*
+......P..#.##...........
,,
#......4######.##........
*##..#P### ####.......# ,,
#P ## #........ # , *
##...#### , , , , **
#...## # * ,,* ....## # *
* ....## * #


You could see a 15-headed hydra and a friendly orange demon.

Vanquished Creatures
  A ghost moth (shapeshifter) (D:15)
  A very ugly thing (D:14)
  A vault guard (D:14)
  A yaktaur captain (D:15)
  2 rakshasas
  5 centaur warriors
  4 death knights
  2 two-headed ogres
  Sonja (D:13)
  Nergalle (D:11)
  2 skeletal warriors (D:15)
  3 unseen horrors
  A glowing orange brain (D:15)
  An orc knight (D:15)
  A necromancer (D:15)
  A deep elf mage (D:14)
  3 cyclopes
  4 ugly things
  A manticore (D:15)
  Joseph (D:7)
  Maurice (D:13)
  A spiny frog (Lair:1)
  A kobold demonologist (D:15)
  4 yaktaurs (D:15)
  2 komodo dragons
  A freezing wraith (D:14)
  2 trolls (shapeshifter)
  A tengu conjurer (D:15)
  2 trolls
  A raiju (shapeshifter) (D:12)
  13 slime creatures
  4 dream sheep (Lair:4)
  7 hippogriffs
  A meliai zombie (D:12)
  A hippogriff (shapeshifter) (D:15)
  Sigmund (D:5)
  17 yaks
  2 wyverns (D:15)
  7 wraiths
  A vampire (D:13)
  2 water elementals (D:12)
  2 shadows
  7 vampire mosquitoes
  A soldier ant (D:15)
  2 water moccasins
  3 acid dragons
  A floating eye (shapeshifter) (D:14)
  4 porcupines
  4 orc warriors
  5 sky beasts
  4 ice beasts
  2 phantoms
  9 ogres
  8 centaurs
  An eye of draining (D:12)
  2 big kobolds
  10 bullfrogs
  An elf zombie (Ossuary)
  A wyvern skeleton (D:12)
  2 scorpions (D:14)
  14 killer bees
  3 wights (D:11)
  3 electric eels (D:12)
  A howler monkey (D:12)
  5 crimson imps
  A quasit (D:5)
  3 human zombies (Ossuary)
  2 bullfrog zombies
  3 centaur zombies
  6 hounds
  7 orc priests
  16 orc wizards
  A bullfrog skeleton (D:10)
  6 centaur skeletons
  4 iguanas
  6 jellies
  9 worker ants
  2 hound zombies
  3 hound skeletons
  2 mummies (Ossuary)
  7 adders
  3 shadow imps
  2 oozes
  3 adder zombies
  4 adder skeletons
  A worm (D:2)
  2 dart slugs
  A leopard gecko (D:8)
  69 orcs
  5 giant cockroaches
  6 goblins
  A hobgoblin (D:6)
  4 jackals (D:10)
  4 quokkas
  3 ball pythons
  2 bats
  8 frilled lizards
  A goblin zombie (Ossuary)
  6 hobgoblin zombies (Ossuary)
  A jackal zombie (Ossuary)
  11 kobolds
  15 kobold zombies (Ossuary)
  A leopard gecko skeleton (D:5)
  5 orc zombies (Ossuary)
  3 rats
  A rat zombie (Ossuary)
  2 fungi
  A plant (Lair:4)
447 creatures vanquished.

Vanquished Creatures (collateral kills)
  3 hydras
  A two-headed ogre (shapeshifter) (D:15)
  A deep elf mage (D:15)
  An ugly thing (D:15)
  A cyclops (D:14)
  A troll (shapeshifter) (D:15)
  A hippogriff (D:15)
  2 vampire mosquitoes (D:15)
  An acid dragon (D:15)
  A centaur (D:15)
13 creatures vanquished.

Vanquished Creatures (others)
  2 fungi (Lair:1)
  A plant (Lair:2)
3 creatures vanquished.

Grand Total: 463 creatures vanquished

Notes
Turn   | Place    | Note
-------+----------+-------------------------------------------
     0 | D:1      | EnegeticOcto the Deep Dwarf Fighter began the quest for the
                  | Orb.
     0 | D:1      | Reached XP level 1. HP: 20/20 MP: 1/1
    46 | D:1      | Reached XP level 2. HP: 25/27 MP: 2/2
   397 | D:2      | Found an iron altar of Okawaru.
   429 | D:2      | Found a shadowy altar of Dithmenos.
   466 | D:3      | Reached XP level 3. HP: 29/34 MP: 3/3
   558 | D:4      | Reached XP level 4. HP: 29/42 MP: 4/4
   560 | D:4      | Reached XP level 5. HP: 31/50 MP: 5/5
   578 | D:4      | Found a staircase to the Ecumenical Temple.
   579 | D:4      | Noticed an ogre
   589 | D:4      | Killed an ogre
   602 | D:4      | Reached XP level 6. HP: 53/57 MP: 6/6
   609 | Temple   | Entered the Ecumenical Temple
   674 | Temple   | Became a worshipper of Makhleb the Destroyer
   977 | D:4      | Reached skill level 1 in Invocations
  1038 | D:4      | Reached skill level 2 in Invocations
  1348 | D:5      | Entered Level 5 of the Dungeon
  1348 | D:5      | Noticed Sigmund
  1364 | D:5      | Killed Sigmund
  1364 | D:5      | Reached skill level 5 in Axes
  1364 | D:5      | Reached skill level 3 in Invocations
  1364 | D:5      | Reached XP level 7. HP: 52/66 MP: 7/9
  1437 | D:5      | Reached skill level 5 in Fighting
  1454 | D:5      | Found a shadowy altar of Dithmenos.
  1498 | D:5      | Reached skill level 5 in Shields
  1518 | D:5      | Reached skill level 4 in Invocations
  1560 | D:5      | Reached XP level 8. HP: 43/74 MP: 10/10
  1576 | D:5      | Found a sand-covered staircase.
  1598 | Ossuary  | Entered an ossuary
  1606 | Ossuary  | Reached * piety under Makhleb
  1679 | Ossuary  | Reached ** piety under Makhleb
  1681 | Ossuary  | Reached skill level 5 in Armour
  2364 | D:6      | You fall into a shaft and drop 2 floors!
  2368 | D:8      | Reached skill level 5 in Invocations
  2492 | D:6      | Found a white marble altar of Elyvilon.
  2567 | D:6      | Found a hide-covered altar of Uskayaw.
  3269 | D:6      | Found a bloodstained altar of Trog.
  3380 | D:7      | Noticed Joseph
  3410 | D:7      | Killed Joseph
  3410 | D:7      | Reached skill level 6 in Invocations
  3410 | D:7      | Gained mutation: You passively map the area around you.
                  | [Deep Dwarf growth]
  3410 | D:7      | Reached XP level 9. HP: 52/82 MP: 12/12
  3511 | D:7      | Reached *** piety under Makhleb
  3559 | D:7      | Reached skill level 7 in Invocations
  4039 | D:8      | Found a hazy altar of Hepliaklqana.
  4039 | D:8      | Noticed a cyclops
  4054 | D:8      | Killed a cyclops
  4204 | D:8      | Reached skill level 8 in Invocations
  4265 | D:8      | Found a sacrificial altar of Ru.
  4567 | D:9      | Reached **** piety under Makhleb
  4732 | D:9      | Noticed a two-headed ogre
  4734 | D:9      | Noticed a rakshasa
  4758 | D:9      | Killed a two-headed ogre
  4758 | D:9      | Reached XP level 10. HP: 94/94 MP: 13/13
  4785 | D:9      | Reached skill level 9 in Invocations
  4831 | D:9      | Killed a rakshasa
  5429 | D:10     | Entered Level 10 of the Dungeon
  5493 | D:10     | Reached skill level 10 in Invocations
  5567 | D:10     | Reached ***** piety under Makhleb
  5589 | D:10     | Found a staircase to the Orcish Mines.
  5711 | D:10     | Reached XP level 11. HP: 104/104 MP: 14/14
  5964 | D:10     | Found a sparkling altar of Nemelex Xobeh.
  6042 | D:10     | Identified a scroll of acquirement
  6043 | D:10     | Found the +0 pair of fencer's gloves {Riposte Dex+3}
  6058 | D:10     | Gained mutation: You are partially covered in iridescent
                  | scales. (AC +2) [potion of mutation]
  6121 | D:11     | Reached skill level 10 in Axes
  6243 | D:11     | Found a staircase to the Lair.
  6319 | D:11     | Noticed Nergalle
  6319 | D:11     | Noticed an unseen horror
  6329 | D:11     | Killed an unseen horror
  6344 | D:11     | Killed Nergalle
  6408 | D:11     | Noticed a purple ugly thing
  6421 | D:11     | Killed a purple ugly thing
  6421 | D:11     | Reached skill level 11 in Invocations
  6472 | D:11     | Found a blossoming altar of Fedhas.
  6904 | D:12     | Noticed a death knight
  6954 | D:12     | Killed a death knight
  7581 | D:13     | Noticed a two-headed ogre
  7588 | D:13     | Reached ****** piety under Makhleb
  7596 | D:13     | Killed a two-headed ogre
  7596 | D:13     | Reached skill level 12 in Invocations
  7596 | D:13     | Reached XP level 12. HP: 95/116 MP: 10/12
  7863 | D:13     | Noticed Sonja
  7880 | D:13     | Killed Sonja
  7933 | D:13     | Noticed Maurice
  7942 | D:13     | Killed Maurice
  7942 | D:13     | Reached skill level 10 in Fighting
  8162 | D:14     | Found an opulent altar of Gozag.
  8313 | D:14     | Noticed a death knight
  8313 | D:14     | Noticed a centaur warrior
  8326 | D:14     | Killed a centaur warrior
  8356 | D:14     | Killed a death knight
  8661 | D:14     | Reached skill level 13 in Invocations
  8749 | D:14     | Noticed a death knight
  8752 | D:14     | Noticed a vault guard
  8776 | D:14     | Killed a death knight
  8777 | D:14     | Noticed a seven-headed hydra
  8788 | D:14     | Noticed a cyan very ugly thing
  8801 | D:14     | Killed a 15-headed hydra
  8803 | D:14     | Killed a vault guard
  8852 | D:14     | Killed a cyan very ugly thing
  8888 | D:14     | Found a gate to the Vaults.
  8975 | D:14     | Reached XP level 13. HP: 74/126 MP: 11/11
  9035 | D:15     | Entered Level 15 of the Dungeon
  9237 | D:15     | Found a staircase to the Depths.
  9376 | D:15     | Reached skill level 14 in Invocations
  9619 | D:15     | Found a sacrificial altar of Ru.
  9730 | D:15     | Reached skill level 10 in Shields
  9758 | D:15     | Reached skill level 10 in Armour
 10166 | D:15     | Noticed an ettin
 10170 | D:15     | Noticed a ghost moth
 10170 | D:15     | an ettin changed into a ghost moth
 10191 | D:15     | Killed a ghost moth
 10393 | Lair:1   | Entered Level 1 of the Lair of Beasts
 10476 | Lair:1   | Found a runed translucent gate.
 10476 | Lair:1   | Found a runed translucent gate.
 10476 | Lair:1   | Found a runed translucent gate.
 10483 | Lair:1   | Noticed Karim's ghost (journeyman GnTm)
 10625 | Lair:2   | Gained mutation: You resist negative energy. (rN+) [Deep
                  | Dwarf growth]
 10625 | Lair:2   | Reached XP level 14. HP: 74/136 MP: 8/8
 10679 | Lair:2   | You fall into a shaft and drop 2 floors!
 10724 | Lair:4   | Reached skill level 15 in Invocations
 10768 | Lair:4   | HP: 4/136 [15-headed hydra (4)]
 10768 | Lair:4   | Slain by a 15-headed hydra

Levels and vault maps discovered:
D:1:      dpeg_arrival_erosion, layout_loops_ring
D:2:      layout_basic, nicolae_overflow_crystal_walls,
          nicolae_dithmenos_through_a_glass_darkly
D:3:      layout_basic, first_ration, uniq_grinder, uniq_jessica
D:4:      layout_basic, minmay_temple_entry_ruins
D:5:      layout_loops_ring, kennysheep_mini_moat, nicolae_ossuary_entry_plus,
          st_stairs_1, uniq_sigmund
D:6:      layout_basic, lemuel_doored_altar, lemuel_coloured_pillars_altar,
          trog_hazing_becter
D:7:      layout_basic, grunt_ogre_cave, uniq_joseph
D:8:      layout_rooms, old_standard_altar, nicolae_ru_sacrificial_ziggurat
D:9:      minmay_the_grid_four_pointed_star_mashed
          [minmay_the_grid_triangle_9x9_pentomino_pain,
          minmay_the_grid_triangle_9x9_checkered,
          minmay_the_grid_triangle_9x9_odd_lines,
          minmay_the_grid_triangle_9x9_limited_checkers,
          minmay_the_grid_prize_shrinking_boxes], layout_loops_corners
D:10:     layout_rooms, hiddenorc2_lemuel, nemelex_altar_shiori
D:11:     layout_roguey, lair_entry_dummy, fedhas_bush_and_centaur_altar,
          uniq_nergalle
D:12:     layout_loops_cross, kennysheep_boxes
D:13:     layout_roguey, uniq_sonja, uniq_maurice
D:14:     layout_basic, david_vaults_5, nicolae_gozag_seed_capital
D:15:     gammafunk_enter_depths_forms, layout_long_grid,
          minmay_misc_feat_plants, minmay_misc_feat_tower, minmay_ruined_shrine
Temple:   eino_temple_scatter_basement
Lair:1:   layout_misc_corridors, gammafunk_ghost_ooze, minmay_hedge_maze,
          hangedman_lair_unloving_vines
Lair:2:   layout_gridlike, minmay_lair_oklob_chamber, lemuel_fruit_tree
Lair:4:   layout_roguey, skrybe_swamp_entry_bodies, worms_lemuel

Skill      XL: |  1  2  3  4  5  6  7  8  9 10 11 12 13 14 |
---------------+-------------------------------------------+-----
Fighting       | 3 4 5 6 7 8 9 10 11 | 11.8
Axes           | 3 4 5 7 8 9 11 12 13 | 13.5
Shields        | 4 5 6 7 8 9 10 | 10.2
Armour         | 4 5 6 7 8 9 10 | 10.2
Invocations    | 3 4 6 8 10 12 13 14 15 | 15.0

Action                   |  1- 3 |  4- 6 |  7- 9 | 10-12 | 13-15 || total
-------------------------+-------+-------+-------+-------+-------++-------
Melee: War axe           |   102 |    88 |   482 |   144 |       ||   816
       Hand axe          |       |       |       |   694 |   460 ||  1154
Invok: Lesser Servant of |       |       |       |     2 |    11 ||    13
 Abil: Heal Wounds       |     2 |     7 |    17 |    37 |    19 ||    82
Evoke: Wand              |       |       |       |    10 |       ||    10
  Use: Scroll            |       |       |    14 |    11 |     1 ||    26
       Potion            |       |       |       |     1 |     1 ||     2
 Stab: Confused          |       |       |       |     4 |       ||     4
       Paralysed         |       |       |       |     4 |       ||     4
       Distracted        |       |       |       |     1 |     2 ||     3
  Eat: Chunk             |       |     1 |     3 |    15 |     6 ||    25
       Ration            |       |       |     3 |       |       ||     3
Armor: Scale mail        |    67 |    26 |    88 |       |       ||   181
       Plate armour      |       |       |   203 |   332 |   310 ||   845
       Chain mail        |       |       |       |    99 |       ||    99
Dodge: Dodged            |    51 |    34 |   139 |   189 |    84 ||   497
Block: Kite shield       |    62 |    44 |   337 |   505 |   366 ||  1314
       Rpst.: Hand axe   |       |       |       |    33 |    13 ||    46

Table legend:
 A = Non-vault XP
 B = Vault XP
 C = Vault XP percentage of total XP
 D = Non-vault monster count
 E = Vault monster count
 F = Vault count percentage of total count
                 A         B        C        D         E       F
            +---------+---------+-------+---------+---------+-------
      Total |   46034 |   20319 |  30.6 |     333 |     124 |  27.1
            +---------+---------+-------+---------+---------+-------
        D:1 |      26 |       0 |   0.0 |      13 |       0 |   0.0
        D:2 |      14 |       0 |   0.0 |       7 |       0 |   0.0
        D:3 |       8 |       0 |   0.0 |       4 |       0 |   0.0
        D:4 |     681 |       0 |   0.0 |      25 |       0 |   0.0
        D:5 |     537 |     225 |  29.5 |      15 |       3 |  16.7
        D:6 |     236 |      11 |   4.5 |       8 |       6 |  42.9
        D:7 |    1096 |     578 |  34.5 |      19 |       2 |   9.5
        D:8 |    1525 |       0 |   0.0 |      22 |       0 |   0.0
        D:9 |    1214 |    2862 |  70.2 |      15 |      12 |  44.4
       D:10 |    1432 |     593 |  29.3 |      26 |      32 |  55.2
       D:11 |    3509 |     923 |  20.8 |      27 |       2 |   6.9
       D:12 |    4784 |       0 |   0.0 |      29 |       0 |   0.0
       D:13 |    3294 |    1240 |  27.3 |      22 |       2 |   8.3
       D:14 |    7789 |    5373 |  40.8 |      36 |       9 |  20.0
       D:15 |   17223 |    7615 |  30.7 |      52 |      15 |  22.4
     Lair:1 |     738 |       0 |   0.0 |       4 |       0 |   0.0
     Lair:2 |     771 |     554 |  41.8 |       4 |       3 |  42.9
     Lair:4 |    1157 |       0 |   0.0 |       5 |       0 |   0.0
    Ossuary |       0 |     345 | 100.0 |       0 |      38 | 100.0
            +---------+---------+-------+---------+---------+-------
